 Dungeon Crawl Stone Soup version 0.17-a0-1900-g45e8110 (webtiles) character file.

40 derrpe the Firebug (level 3, 0/24 HPs)
             Began as a Mummy Fire Elementalist on Sept 25, 2015.
             Slain by Terence
             ... wielding a +0 short sword
              (1 damage)
             ... on level 2 of the Dungeon.
             The game lasted 00:01:56 (1719 turns).

derrpe the Firebug (Mummy Fire Elementalist)        Turns: 1719, Time: 00:01:57

Health: 0/24       AC:  3    Str: 11    XL:     3   Next: 30%
Magic:  0/6        EV: 15    Int: 15    God:
Gold:   22         SH:  0    Dex: 12    Spells: 1 memorised, 5 levels left

rFire  x . .     SeeInvis .     c - +0 dagger
rCold  + . .     Clarity  .     f - +0 leather armour
rNeg   + + +     SustAt   .     (no shield)
rPois  ∞         Gourm    .     (no helmet)
rElec  .         Spirit   .     (no cloak)
rCorr  .         Warding  .     (no gloves)
rMut   +         Stasis   .     (no boots)
MR     .....                    k - amulet of resist mutation
Stlth  +.........               a - +3 ring of slaying
                                e - +4 ring of evasion

@: very slightly contaminated, not resistant to hostile enchantments, very
unstealthy
A: no food or potions, fire vulnerability, cold resistance 1, negative energy
resistance 3, torment resistance, unbreathing
a: no special abilities


You were on level 2 of the Dungeon.
You were not hungry.

You visited 1 branch of the dungeon, and saw 2 of its levels.

You collected 22 gold pieces.

Inventory:

Hand weapons
 c - a +0 dagger (weapon)
Missiles
 i - 8 curare-tipped needles
Armour
 f - a +0 leather armour (worn)
Jewellery
 a - a +3 ring of slaying (right hand)
 e - a +4 ring of evasion (left hand)
 k - an amulet of resist mutation (around neck)
 l - a cursed -3 ring of dexterity {unknown}
Scrolls
 d - a scroll of teleportation {unknown}
 g - a scroll of identify {unknown}
 h - a scroll of amnesia {unknown}
 j - a scroll of fog {unknown}
Books
 b - a book of Flames

   Spells                             Type                      Level
   a - Flame Tongue                   Conjuration/Fire             1
   b - Throw Flame                    Conjuration/Fire             2
   c - Conjure Flame                  Conjuration/Fire             3
   d - Inner Flame                    Hexes/Fire                   3
   e - Sticky Flame                   Conjuration/Fire             4
   f - Fireball                       Conjuration/Fire             5


   Skills:
 - Level 1.5 Dodging
 - Level 1.5 Stealth
 - Level 2.0 Spellcasting
 + Level 1.8 Conjurations
 + Level 3.1 Fire Magic


You had 5 spell levels left.
You knew the following spells:

 Your Spells              Type           Power        Failure   Level  Hunger
a - Flame Tongue          Conj/Fire      #....        12%         1    N/A

Dungeon Overview and Level Annotations

Branches:
Dungeon (2/15)

Altars:

Annotations:
D:2 Terence


Innate Abilities, Weirdness & Mutations

You do not eat or drink.
Your flesh is vulnerable to fire.
You are immune to poison.
Your flesh is cold resistant.
You are immune to negative energy.
You are immune to unholy pain and torment.
You can survive without breathing.


Message History

You hit Terence but do no damage.
Terence is severely wounded.
Terence hits you with a short sword.
* * * LOW HITPOINT WARNING * * *
You hit Terence.
Terence is severely wounded.
Terence hits you with a short sword.
* * * LOW HITPOINT WARNING * * *
You barely miss Terence.
Terence is severely wounded.
Terence misses you.
Casting: Flame Tongue
Confirm with . or Enter, or press ? or * to list all spells.
Aiming: Flame Tongue
Press: ? - help, Shift-Dir - straight line, f/p - Terence
Aim: Terence, wielding a short sword and wearing a chain mail (severely wounded)
The flame tongue hits Terence.
Terence is almost dead.
Terence hits you with a short sword.
You die...

#..###.
#.....
###...###
#.......#
#>.?....#
#<.^....#
###...###
#.).####
##..@@.#
#####......
####.


You could see Terence.

Vanquished Creatures
  An adder (D:1)
  2 giant geckos (D:1)
  3 bats (D:1)
  5 goblins
  A hobgoblin (D:1)
  3 jackals (D:1)
  4 kobolds (D:1)
  A giant cockroach (D:1)
  A giant newt (D:1)
  7 rats (D:1)
28 creatures vanquished.

Notes
Turn   | Place    | Note
--------------------------------------------------------------
     0 | D:1      | derrpe the Mummy Fire Elementalist began the quest for the Orb.
     0 | D:1      | Reached XP level 1. HP: 13/13 MP: 3/3
    60 | D:1      | Reached skill level 1 in Conjurations
   377 | D:1      | Reached XP level 2. HP: 17/19 MP: 1/5
  1180 | D:1      | Reached XP level 3. HP: 11/24 MP: 3/6
  1350 | D:1      | Reached skill level 3 in Fire Magic
  1704 | D:2      | Noticed Terence
  1717 | D:2      | HP: 1/24 [Terence/short sword (2)]
  1719 | D:2      | Slain by Terence

Vault maps used:
D:1:      sevenhm_arrival_forest_fort_large_4, minmay_stone_trees_medium,
          minivault_5
D:2:      uniq_terence

Action                   || total
-------------------------++-------
Melee: Dagger            ||    84
 Cast: Flame Tongue      ||    17
